UAA
DURHAM RAPIERS @ RICHLAND RAILS
09/26/2019
 
TOP OF THE 1ST
Durham Rapiers batting - Pitching for Richland Rails : RHP Jim Unknown
Pitching: RHP Jim Unknown
Batting: RHB Esteban Garza 0-0: Swinging Strike
0-1: Fly out, F7 (Flyball, 78S)
Batting: LHB Evan Nelson 0-0: Called Strike
0-1: Called Strike
0-2: Foul Ball, location: 2F
0-2: Strikes out looking
Batting: RHB Caleb Lee 0-0: SINGLE (Groundball, 34D)
Batting: LHB Gonzalo Féliz 0-0: Called Strike
0-1: Ground out 6-3 (Groundball, 56)
Top of the 1st over - 0 run(s), 1 hit(s), 0 error(s), 1 left on base; Durham 0 - Richland 0
BOTTOM OF THE 1ST
Richland Rails batting - Pitching for Durham Rapiers : RHP Michael Logan
Pitching: RHP Michael Logan
Batting: RHB Ramón Cruz 0-0: Ball
1-0: Ball
2-0: Ball
3-0: Base on Balls
Batting: RHB Andrew Hall 0-0: Called Strike
Ramón Cruz steals 2nd base
0-1: Foul Ball, location: 2F
0-2: Ball
1-2: Foul Ball, location: 2F
1-2: Ball
2-2: Ball
3-2: Reached on Error, E9 (Flyball, 9S)
Ramón Cruz to third
Batting: RHB Miguel Vidro 0-0: Called Strike
0-1: Ball
1-1: Called Strike
1-2: Foul Ball, location: 2F
1-2: Ball
2-2: Fly out, F9 (Line Drive, 9LM)
Runner from 3rd tags up, SCORES, no throw
Batting: RHB Gustavo Berrios 0-0: Ball
Andrew Hall steals 2nd base
1-0: Ball
2-0: Called Strike
2-1: Ball
3-1: Base on Balls
Batting: RHB Jack Davis 0-0: Ball
1-0: SINGLE (Line Drive, 34)
Andrew Hall to third
Gustavo Berrios to second
Batting: RHB Alexis Smeddon 0-0: Ball
1-0: Called Strike
1-1: Ball
2-1: Swinging Strike
2-2: Strikes out swinging
Batting: RHB Francisco Avelleyra 0-0: Called Strike
0-1: Ball
1-1: Ball
2-1: Ball
3-1: Foul Ball, location: 2F
3-2: Foul Ball, location: 2F
3-2: Foul Ball, location: 2F
3-2: Foul Ball, location: 2F
3-2: Base on Balls
Andrew Hall scores
Gustavo Berrios to third
Jack Davis to second
Batting: RHB Tiaki Kunani 0-0: Ball
1-0: Ball
2-0: Ball
3-0: Called Strike
3-1: Base on Balls
Gustavo Berrios scores
Jack Davis to third
Francisco Avelleyra to second
Batting: RHB Sake van Arem 0-0: Fly out, F9 (Flyball, 9M)
Bottom of the 1st over - 3 run(s), 1 hit(s), 1 error(s), 3 left on base; Durham 0 - Richland 3
TOP OF THE 2ND
Durham Rapiers batting - Pitching for Richland Rails : RHP Jim Unknown
Batting: RHB Kevin Sanderson 0-0: Swinging Strike
0-1: Foul Ball, location: 2F
0-2: Strikes out looking
Batting: LHB Miguel Castillo 0-0: Called Strike
0-1: Swinging Strike
0-2: Ball
1-2: Ball
2-2: Ground out 1-3 (Groundball, 23)
Batting: LHB Mitchell Hansen 0-0: Called Strike
0-1: Ball
1-1: Ground out 4-3 (Groundball, 4)
Top of the 2nd over - 0 run(s), 0 hit(s), 0 error(s), 0 left on base; Durham 0 - Richland 3
BOTTOM OF THE 2ND
Richland Rails batting - Pitching for Durham Rapiers : RHP Michael Logan
Batting: RHB Ramón Cruz 0-0: Called Strike
0-1: SINGLE (Line Drive, 8LS)
Batting: RHB Andrew Hall 0-0: Ball
Wild Pitch!
Ramón Cruz to second
1-0: Ball
2-0: 2-RUN HOME RUN (Flyball, 78XD), Distance : 368 ft
Pitching: RHP Gene Edwards
Batting: RHB Miguel Vidro 0-0: Ball
1-0: Foul Ball, location: 2F
1-1: Swinging Strike
1-2: Fly out, F8 (Line Drive, 8RM)
Batting: RHB Gustavo Berrios 0-0: Ball
1-0: Foul Ball, location: 2F
1-1: Ground out 6-3 (Groundball, 6)
Batting: RHB Jack Davis 0-0: Ball
1-0: Ball
2-0: Ground out 2-3 (Groundball, 2R)
Bottom of the 2nd over - 2 run(s), 2 hit(s), 0 error(s), 0 left on base; Durham 0 - Richland 5
TOP OF THE 3RD
Durham Rapiers batting - Pitching for Richland Rails : RHP Jim Unknown
Batting: LHB Raúl Andrade 0-0: Hit by Pitch
Batting: SHB Sansan Breia 0-0: Ball
1-0: Fly out, F7 (Flyball, 78M)
Batting: RHB Esteban Garza 0-0: Called Strike
0-1: Fly out, F3 (Line Drive, 34)
0-1: Lined into DP, U3 (Line Drive, 34)
Top of the 3rd over - 0 run(s), 0 hit(s), 0 error(s), 0 left on base; Durham 0 - Richland 5
BOTTOM OF THE 3RD
Richland Rails batting - Pitching for Durham Rapiers : RHP Gene Edwards
Batting: RHB Alexis Smeddon 0-0: Fly out, F8 (Flyball, 8RM)
Batting: RHB Francisco Avelleyra 0-0: Called Strike
0-1: Swinging Strike
0-2: Ball
1-2: Ball
2-2: Ball
3-2: Fly out, F8 (Flyball, 8LXD)
Batting: RHB Tiaki Kunani 0-0: Called Strike
0-1: Ball
1-1: Ball
2-1: Ball
3-1: Base on Balls
Batting: RHB Sake van Arem 0-0: Called Strike
0-1: Ball
1-1: Ball
2-1: Called Strike
2-2: Ground out 2-3 (Groundball, 2R)
Bottom of the 3rd over - 0 run(s), 0 hit(s), 0 error(s), 1 left on base; Durham 0 - Richland 5
TOP OF THE 4TH
Durham Rapiers batting - Pitching for Richland Rails : RHP Jim Unknown
Batting: LHB Evan Nelson 0-0: Called Strike
0-1: Ball
1-1: Swinging Strike
1-2: Strikes out swinging
Batting: RHB Caleb Lee 0-0: Called Strike
0-1: Ground out 6-3 (Groundball, 6)
Batting: LHB Gonzalo Féliz 0-0: SOLO HOME RUN (Flyball, 9D), Distance : 369 ft
Batting: RHB Kevin Sanderson 0-0: Ball
1-0: Ground out 6-3 (Groundball, 6M)
Top of the 4th over - 1 run(s), 1 hit(s), 0 error(s), 0 left on base; Durham 1 - Richland 5
BOTTOM OF THE 4TH
Richland Rails batting - Pitching for Durham Rapiers : RHP Gene Edwards
Batting: RHB Ramón Cruz 0-0: Ball
1-0: Swinging Strike
1-1: Ball
2-1: Ball
3-1: Base on Balls
Batting: RHB Andrew Hall 0-0: Called Strike
0-1: Foul Ball, location: 2F
0-2: Ball
1-2: Foul Ball, location: 2F
1-2: Strikes out swinging
Batting: RHB Miguel Vidro 0-0: Ball
1-0: Foul Ball, location: 2F
1-1: Ball
2-1: DOUBLE (Flyball, 89M)
Ramón Cruz to third
Runner from 3rd tries for Home, SAFE, no throw or cutoff
Batting: RHB Gustavo Berrios 0-0: Called Strike
0-1: Ball
1-1: Called Strike
1-2: Fly out, F9 (Flyball, 9M)
Batting: RHB Jack Davis 0-0: Ball
1-0: Ground out 4-3 (Groundball, 4)
Bottom of the 4th over - 1 run(s), 1 hit(s), 0 error(s), 1 left on base; Durham 1 - Richland 6
TOP OF THE 5TH
Durham Rapiers batting - Pitching for Richland Rails : RHP Jim Unknown
Batting: LHB Miguel Castillo 0-0: Called Strike
0-1: Ball
1-1: SINGLE (Groundball, 5D)
Batting: LHB Mitchell Hansen 0-0: SINGLE (Groundball, 5D)
Miguel Castillo to second
Batting: LHB Raúl Andrade 0-0: SINGLE (Line Drive, 89S)
Miguel Castillo to third
Mitchell Hansen to second
Batting: SHB Sansan Breia 0-0: Called Strike
0-1: Fielders Choice at 2nd, 4-6 (Groundball, 4)
Miguel Castillo scores
Mitchell Hansen to third
Batting: RHB Esteban Garza 0-0: Ball
1-0: Ball
2-0: Ball
3-0: Called Strike
3-1: Base on Balls
Sansan Breia to second
Batting: LHB Evan Nelson 0-0: Called Strike
0-1: Foul Ball, location: 2F
0-2: Ball
1-2: Ball
2-2: Foul Ball, location: 2F
2-2: Strikes out swinging
Batting: RHB Caleb Lee 0-0: Ball
1-0: Ball
2-0: Ball
3-0: Called Strike
3-1: SINGLE (Line Drive, 9LS)
Mitchell Hansen scores
Sansan Breia to third
Esteban Garza to second
Runner from 3rd tries for Home, SAFE, no throw or cutoff
Batting: LHB Gonzalo Féliz 0-0: Ground out U3 (Groundball, 3L)
Top of the 5th over - 3 run(s), 4 hit(s), 0 error(s), 2 left on base; Durham 4 - Richland 6
BOTTOM OF THE 5TH
Richland Rails batting - Pitching for Durham Rapiers : RHP Gene Edwards
Batting: RHB Alexis Smeddon 0-0: Ball
1-0: Ball
2-0: Foul Ball, location: 2F
2-1: Called Strike
2-2: Strikes out swinging
Batting: RHB Francisco Avelleyra 0-0: Ball
1-0: Ball
2-0: Ground out 2-3 (Groundball, 2L)
Pitching: RHP Timothy Jackson
Batting: RHB Tiaki Kunani 0-0: Ball
1-0: SINGLE (Groundball, 56D)
Batting: RHB Sake van Arem 0-0: Ball
1-0: Swinging Strike
1-1: Foul Ball, location: 2F
1-2: Foul Ball, location: 2F
1-2: Ball
2-2: Strikes out swinging
Bottom of the 5th over - 0 run(s), 1 hit(s), 0 error(s), 1 left on base; Durham 4 - Richland 6
TOP OF THE 6TH
Durham Rapiers batting - Pitching for Richland Rails : RHP Jim Unknown
Batting: RHB Kevin Sanderson 0-0: Swinging Strike
0-1: Fly out, F7 (Flyball, 78XD)
Batting: LHB Miguel Castillo 0-0: Ball
1-0: Swinging Strike
1-1: Foul Ball, location: 2F
1-2: Ball
2-2: SINGLE (Groundball, 34D)
Batting: LHB Mitchell Hansen 0-0: Called Strike
0-1: Foul Ball, location: 2F
0-2: Strikes out swinging
Batting: LHB Raúl Andrade 0-0: Foul Ball, location: 2F
0-1: Fly out, F2 (Popup, 2L)
Top of the 6th over - 0 run(s), 1 hit(s), 0 error(s), 1 left on base; Durham 4 - Richland 6
BOTTOM OF THE 6TH
Richland Rails batting - Pitching for Durham Rapiers : RHP Timothy Jackson
Batting: RHB Ramón Cruz 0-0: Fly out, F9 (Flyball, 9S)
Batting: RHB Andrew Hall 0-0: Ball
1-0: Ground out 5-3 (Groundball, 5L)
Batting: RHB Miguel Vidro 0-0: Called Strike
0-1: Foul Ball, location: 2F
0-2: Ball
1-2: Ball
2-2: Ball
3-2: Strikes out looking
Bottom of the 6th over - 0 run(s), 0 hit(s), 0 error(s), 0 left on base; Durham 4 - Richland 6
TOP OF THE 7TH
Durham Rapiers batting - Pitching for Richland Rails : RHP Jim Unknown
Batting: SHB Sansan Breia 0-0: Ball
1-0: Foul Ball, location: 2F
1-1: Fly out, F6 (Popup, 6MD)
Batting: RHB Esteban Garza 0-0: Ball
1-0: Called Strike
1-1: Called Strike
1-2: Ball
2-2: Fly out, F6 (Line Drive, 56)
Batting: LHB Evan Nelson 0-0: Ball
1-0: Foul Ball, location: 2F
1-1: Ground out 4-3 (Groundball, 13)
Top of the 7th over - 0 run(s), 0 hit(s), 0 error(s), 0 left on base; Durham 4 - Richland 6
BOTTOM OF THE 7TH
Richland Rails batting - Pitching for Durham Rapiers : RHP Timothy Jackson
Batting: RHB Gustavo Berrios 0-0: Foul Ball, location: 2F
0-1: Ball
1-1: Called Strike
1-2: DOUBLE (Flyball, 89XD)
Batting: RHB Jack Davis 0-0: Ball
1-0: Foul Ball, location: 2F
1-1: SINGLE (Groundball, 56D)
Gustavo Berrios to third
Pinch Hitting: SHB Wayne Saunders 0-0: Called Strike
0-1: Called Strike
0-2: Ball
1-2: Ball
2-2: Foul Ball, location: 2F
2-2: Strikes out looking
Batting: RHB Francisco Avelleyra 0-0: Foul Ball, location: 2F
0-1: Swinging Strike
0-2: Ball
1-2: Ball
2-2: Ball
3-2: Base on Balls
Jack Davis to second
Pinch Hitting: LHB Kevin Montgomery 0-0: Ball
1-0: Ball
2-0: Fly out, F7 (Flyball, 7M)
Runner from 3rd tags up, SCORES, throw made
Batting: RHB Sake van Arem 0-0: Swinging Strike
0-1: Foul Ball, location: 2F
0-2: Ball
1-2: Foul Ball, location: 2F
1-2: Foul Ball, location: 2F
1-2: Ball
2-2: Strikes out looking
Bottom of the 7th over - 1 run(s), 2 hit(s), 0 error(s), 2 left on base; Durham 4 - Richland 7
TOP OF THE 8TH
Durham Rapiers batting - Pitching for Richland Rails : RHP Jim Unknown
Now in LF: Kevin Montgomery
Now in CF: Bernardo Cruz
Batting: RHB Caleb Lee 0-0: Ball
1-0: Called Strike
1-1: Foul Ball, location: 2F
1-2: Foul Ball, location: 2F
1-2: Ball
2-2: SINGLE (Line Drive, 6D)
Batting: LHB Gonzalo Féliz 0-0: Fly out, F7 (Flyball, 7M)
Batting: RHB Kevin Sanderson 0-0: Ball
1-0: Ball
2-0: Called Strike
2-1: Fly out, F7 (Line Drive, 7S)
Batting: LHB Miguel Castillo 0-0: SINGLE (Groundball, 6MD)
Caleb Lee to second
Runner from 2nd tries for 3rd, SAFE, no throw or cutoff
Batting: LHB Mitchell Hansen 0-0: Foul Ball, location: 2F
0-1: Ball
1-1: Foul Ball, location: 2F
1-2: Fielders Choice at 2nd, U4 (Groundball, 4M)
Top of the 8th over - 0 run(s), 2 hit(s), 0 error(s), 2 left on base; Durham 4 - Richland 7
BOTTOM OF THE 8TH
Richland Rails batting - Pitching for Durham Rapiers : RHP Timothy Jackson
Pitching: RHP Ricky Jackson
Batting: RHB Ramón Cruz 0-0: Ball
1-0: Ball
2-0: Called Strike
2-1: Fly out, F9 (Flyball, 9M)
Batting: RHB Andrew Hall 0-0: Swinging Strike
0-1: Foul Ball, location: 2F
0-2: Foul Ball, location: 2F
0-2: Ball
1-2: SINGLE (Groundball, 5D)
Batting: RHB Miguel Vidro 0-0: Called Strike
0-1: Ball
1-1: Ball
2-1: SINGLE (Line Drive, 8LS)
Andrew Hall to second
Batting: RHB Gustavo Berrios 0-0: Called Strike
0-1: Ball
1-1: Foul Ball, location: 2F
1-2: Ball
Wild Pitch!
Andrew Hall to third
Miguel Vidro to second
2-2: Foul Ball, location: 2F
2-2: Ground out 6-3 (Groundball, 6M)
Batting: RHB Jack Davis 0-0: Ball
1-0: Foul Ball, location: 2F
1-1: SINGLE (Line Drive, 89S)
Andrew Hall scores
Miguel Vidro to third
Runner from 3rd tries for Home, SAFE, no throw or cutoff
Pitching: RHP Paul Spivey
Batting: RHB Bernardo Cruz 0-0: Ball
1-0: Ball
2-0: Called Strike
2-1: Foul Ball, location: 2F
2-2: SINGLE (Groundball, 34D) (infield hit)
Jack Davis to second
Batting: RHB Francisco Avelleyra 0-0: Ball
1-0: Foul Ball, location: 2F
1-1: Ball
2-1: Called Strike
2-2: Fielders Choice at 2nd, U4 (Groundball, 4M)
Bottom of the 8th over - 2 run(s), 4 hit(s), 0 error(s), 2 left on base; Durham 4 - Richland 9
TOP OF THE 9TH
Durham Rapiers batting - Pitching for Richland Rails : RHP Jim Unknown
Pitching: RHP Jim Unknown
Batting: LHB Raúl Andrade 0-0: Ground out U3 (Groundball, 3S)
Batting: SHB Sansan Breia 0-0: Ball
1-0: Ball
2-0: Ball
3-0: Base on Balls
Batting: RHB Esteban Garza 0-0: Ball
1-0: Ball
2-0: Called Strike
2-1: Called Strike
2-2: Foul Ball, location: 2F
2-2: Ball
3-2: Strikes out swinging
Batting: LHB Evan Nelson 0-0: Foul Ball, location: 2F
0-1: Swinging Strike
0-2: Strikes out swinging
Top of the 9th over - 0 run(s), 0 hit(s), 0 error(s), 1 left on base; Durham 4 - Richland 9
This league is powered by Out of the Park Baseball, the baseball management simulation game for PC, Mac and Linux
Saturday, July 25th, 2015 - OOTP Baseball 15.6 Build 34